 Dungeon Crawl Stone Soup version 0.16-a0-3218-g9b393b2 (webtiles) character file.

92635 Gorice the Fighter (level 15, -3/113 HPs)
             Began as a High Elf Wanderer on Dec 17, 2014.
             Was the Champion of Okawaru.
             Shot with an arrow by a centaur warrior (16 damage)
             ... on level 13 of the Dungeon on Dec 20, 2014.
             The game lasted 05:38:34 (43002 turns).

Gorice the Fighter (High Elf Wanderer)             Turns: 43002, Time: 05:38:34

Health: -3/113     AC: 35    Str: 17    XL:     15   Next: 58%
Magic:  29/29      EV: 10    Int: 17    God:    Okawaru [******]
Gold:   1184       SH:  0    Dex: 16    Spells: 0 memorised, 14 levels left

rFire  . . .     SeeInvis .     a - +1 great sword (protect)
rCold  + + .     Clarity  .     C - +3 plate armour
rNeg   . . .     SustAb   .     (no shield)
rPois  .         Gourm    .     K - +2 helmet of Cuahyith {rC++}
rElec  .         Spirit   .     E - +0 cloak {+Inv}
rCorr  .         Warding  .     x - +2 pair of gloves
rMut   .         Stasis   .     q - +1 pair of boots
MR     ++...                    J - amulet "Coveato" {Faith +Fly}
Stlth  ..........               T - +3 ring of slaying
                                L - ring of protection from magic

@: very resistant to hostile enchantments, extremely unstealthy
A: no striking features
a: Heroism, Finesse, Renounce Religion, Evoke Invisibility, Evoke Flight


You were on level 13 of the Dungeon.
You worshipped Okawaru.
Okawaru was exalted by your worship.
You were not hungry.

You visited 4 branches of the dungeon, and saw 26 of its levels.
You also visited: Labyrinth, Sewer, Ossuary and Bailey.

You collected 2919 gold pieces.
You spent 1735 gold pieces at shops.

Inventory:

Hand weapons
 a - a +1 great sword of protection (weapon)
 b - a +1 hand crossbow
 f - a +0 scimitar of flaming
 i - the +2 rapier "Ikabrue" {pierce, Int+2 Dex+1 SInv}
   (You found it on level 5 of the Dungeon)

   It inflicts extra damage upon your enemies.
   It affects your intelligence (+2).
   It affects your dexterity (+1).
   It enhances your eyesight.
 l - a +0 great sword of freezing
 B - the +3 blowgun "Wabye" {speed, +Inv rF+ Str+2}
   (You found it on level 5 of the Lair of Beasts)

   Attacks with this weapon are significantly faster.
   It affects your strength (+2).
   It protects you from fire.
   It lets you turn invisible.
 H - a +1 triple crossbow of flaming
Missiles
 o - a curare-tipped needle
 w - 71 bolts
 D - 2 tomahawks of returning
 F - 7 steel javelins (quivered)
 P - 10 poisoned bolts
Armour
 q - a +1 pair of boots (worn)
 x - a +2 pair of gloves (worn)
 C - a +3 plate armour (worn)
 E - a +0 cloak of invisibility (worn)
 K - the +2 helmet of Cuahyith (worn) {rC++}
   (You found it on level 6 of the Dungeon)

   It greatly protects you from cold.
Jewellery
 G - an uncursed ring of sustain abilities
 I - an uncursed ring of positive energy
 J - the amulet "Coveato" (around neck) {Faith +Fly}
   (You bought it in a shop on level 4 of the Orcish Mines)

   [amulet of faith]

   It allows you to gain divine favour quickly.
   It lets you fly.
 L - a ring of protection from magic (left hand)
 O - an uncursed amulet of stasis
 Q - an uncursed ring of fire
 R - an uncursed ring of poison resistance
 T - a +3 ring of slaying (right hand)
 V - an uncursed amulet of warding
Magical devices
 k - a wand of enslavement (0)
 m - a wand of cold (3)
 n - a wand of lightning (4)
 y - a wand of paralysis (7)
Scrolls
 d - a scroll of enchant weapon
 e - a scroll of fear
 g - 3 scrolls of fog
 p - a scroll of enchant armour
 z - 6 scrolls of identify
 A - 11 scrolls of remove curse
 N - 4 scrolls of teleportation
Potions
 c - 7 potions of curing
 h - 4 potions of agility
 r - 4 potions of heal wounds
 s - 2 potions of haste
 t - a potion of cancellation
 v - 4 potions of might
Miscellaneous
 W - a lamp of fire
Comestibles
 j - 8 chunks of flesh
 u - 2 fruits
 S - 7 meat rations


   Skills:
 + Level 14.2 Fighting
 - Level 14.0(15.8) Short Blades
 + Level 12.8(15.2) Long Blades
   Level 1.5 Maces & Flails
 - Level 4.2 Crossbows
 - Level 2.1 Throwing
 + Level 13.3 Armour
 + Level 8.1 Dodging
 - Level 8.0 Invocations
 + Level 2.1 Evocations


You had 14 spell levels left.
You didn't know any spells.

Dungeon Overview and Level Annotations

Branches:
Dungeon (13/15)            Temple (1/1) D:7            Lair (8/8) D:8
  Swamp (0/5) Lair:3        Snake (0/5) Lair:6        Slime (0/6) Lair:7
    Orc (4/4) D:11            Elf (0/3) Orc:4        Vaults (0/5) D:13

Altars:
Ashenzari
Cheibriados
Dithmenos
Elyvilon
Fedhas
Gozag
Kikubaaqudgha
Makhleb
Okawaru
Sif Muna
Trog
Vehumet
Yredelemnul
Zin
The Shining One
Beogh
Jiyva

Shops:
D:5 ?   D:10 [   Orc:4 }=(*

Annotations:
Lair:4 vpUX: water vault with dire elephant and catobelpas


Message History

You carve the slime creature like a ham!!!
You kill the slime creature!
Okawaru accepts your kill.
w - 68 bolts (gained 1)
You see here a glowing triple crossbow {god gift}.
H - a glowing triple crossbow {god gift}
F - 7 steel javelins (gained 1)
w - 69 bolts (gained 1)
w - 70 bolts (gained 1)
w - 71 bolts (gained 1)
A centaur warrior comes into view.
The centaur warrior shouts!
The centaur warrior wields a shortbow.
The centaur warrior shoots an arrow.
The arrow hits you but does no damage.
You see here an arrow.
The centaur warrior shoots an arrow.
The arrow hits you.
* * * LOW HITPOINT WARNING * * *
You see here an arrow.
The centaur warrior shoots an arrow.
The arrow hits you!
You die...

#..#....#..># #.# ...#....#...#
##.## .(.######...###...#######
...............c∩........
............###...###....
......####..# ##.## .
......#..#### #.# ......#.>...#
#.# #######.....# #@#
.)..........####(###
................(..# ..
...................##########...
................................#
................................#
.................................
####............................
# #..#####.......#####.........


You could see a centaur warrior.

Vanquished Creatures
  Donald (Orc:3)
  Maud (Lair:5)
  Gastronok (Lair:3)
  A dire elephant (Lair:4)
  Snorg (Lair:4)
  A minotaur (Lab)
  4 vault guards (D:13)
  5 hydras
  Erica (Orc:2)
  3 orc high priests (Orc:4)
  8 death yaks
  5 catoblepae
  2 skeletal warriors (D:13)
  A fire crab (Lair:8)
  2 hill giants
  5 orc knights
  A wolf spider zombie (D:11)
  5 orc sorcerers (Orc:4)
  A lindwurm (Lair:8)
  3 griffons (Lair:7)
  A cyclops (D:13)
  3 ugly things (D:13)
  Maurice (Orc:1)
  11 elephants
  6 black mambas
  A gargoyle (D:12)
  7 komodo dragons
  3 torpor snails (Lair:1)
  Psyche (D:11)
  3 kobold demonologists
  29 spiny frogs
  2 fire drakes
  6 trolls
  2 two-headed ogres (D:8)
  2 polar bears
  Prince Ribbit (D:9)
  3 giant leeches (Lair:8)
  6 slime creatures (D:13)
  2 trapdoor spiders (Lab)
  22 blink frogs
  5 basilisks
  4 wyverns
  4 shadows
  10 hippogriffs
  A deep elf mage (D:10)
  A naga (Lair:6)
  2 wraiths
  26 yaks
  Grum (Orc:1)
  13 vampire mosquitoes
  19 wolves
  5 wargs
  4 hungry ghosts
  22 water moccasins
  8 porcupines
  An eye of draining (D:12)
  3 ice beasts
  2 sky beasts (D:8)
  A black bear (D:8)
  2 boring beetles (Lair:8)
  3 necrophages
  2 phantoms
  The ghost of Johnny the Bolt Thrower, an average HuHu (D:3)
  33 orc warriors
  6 centaurs
  13 ogres
  8 big kobolds
  15 crocodiles
  32 giant frogs
  Blork the orc (Orc:1)
  A wyvern zombie (D:13)
  2 scorpions
  2 killer bees (D:11)
  3 wights
  3 vampire bats (D:5)
  2 water moccasin skeletons
  22 hounds
  5 crimson imps
  2 centaur zombies (Ossuary)
  8 electric eels
  3 giant frog zombies
  5 jellies
  A quasit (D:6)
  34 orc priests
  2 centaur skeletons
  3 giant frog skeletons
  48 orc wizards
  12 worker ants
  6 iguanas
  22 sheep
  Ijyb (D:6)
  A big kobold zombie (Ossuary)
  Terence (D:3)
  3 mummies (Ossuary)
  2 worker ant zombies
  33 adders
  11 gnolls
  86 river rats
  4 shadow imps
  4 giant mites
  4 worms
  An adder zombie (D:7)
  An adder skeleton (D:4)
  An ooze (Sewer)
  187 orcs
  4 bat skeletons
  3 bat zombies (D:5)
  9 giant cockroaches
  A gnoll zombie (Ossuary)
  34 goblins
  35 hobgoblins
  13 jackals
  39 kobolds
  17 quokkas
  4 ball pythons
  11 bats
  3 giant geckos
  11 giant newts
  A goblin zombie (Ossuary)
  2 hobgoblin zombies (Ossuary)
  A jackal skeleton (D:5)
  A kobold zombie (Ossuary)
  An orc zombie (Orc:4)
  18 rats
  3 butterflies (D:7)
  A plant (Lair:2)
1150 creatures vanquished.

Vanquished Creatures (collateral kills)
  A killer bee (D:11)
  A goliath beetle (D:11)
  A quasit (D:11)
3 creatures vanquished.

Vanquished Creatures (others)
  2 killer bees (D:11)
  A shadow imp (D:6)
  A hobgoblin (D:6)
  A kobold (D:6)
  A rat (D:6)
  A bush (Lair:2)
  36 fungi
  19 plants
  11 toadstools (Lair:4)
73 creatures vanquished.

Grand Total: 1226 creatures vanquished

Notes
Turn   | Place    | Note
--------------------------------------------------------------
     0 | D:1      | Gorice, the High Elf Wanderer, began the quest for the Orb.
     0 | D:1      | Gorice set off with: a +2 scale mail, a +0 hand crossbow, a potion of curing, 26 bolts, a bread ration
     0 | D:1      | Reached XP level 1. HP: 16/16 MP: 2/2
   311 | D:1      | Reached skill level 1 in Crossbows
   313 | D:1      | Reached XP level 2. HP: 18/21 MP: 3/3
   696 | D:1      | Reached XP level 3. HP: 21/26 MP: 5/5
  1431 | D:2      | Found a radiant altar of Vehumet.
  1439 | D:2      | Reached XP level 4. HP: 31/31 MP: 7/7
  1845 | D:2      | Found an opulent altar of Gozag.
  1846 | D:2      | Found a glowing silver altar of Zin.
  2162 | D:3      | Noticed Johnny's ghost (average HuHu)
  2176 | D:3      | Killed Johnny's ghost
  2176 | D:3      | Reached skill level 4 in Fighting
  2176 | D:3      | Reached XP level 5. HP: 25/37 MP: 8/8
  2211 | D:3      | Noticed Terence
  2231 | D:3      | Killed Terence
  2254 | D:3      | Found a glowing drain.
  2467 | Sewer    | Entered a sewer
  2645 | Sewer    | Reached XP level 6. HP: 29/43 MP: 10/10
  2802 | Sewer    | Reached skill level 1 in Short Blades
  2992 | Sewer    | Reached XP level 7. HP: 45/49 MP: 12/12
  3884 | D:4      | Reached skill level 5 in Fighting
  4533 | D:4      | Reached skill level 5 in Short Blades
  5085 | D:5      | Entered Level 5 of the Dungeon
  5170 | D:4      | Reached XP level 8. HP: 31/56 MP: 13/13
  5282 | D:5      | Reached skill level 6 in Short Blades
  5309 | D:5      | Got a slimy rapier
  5310 | D:5      | Identified the cursed +2 rapier "Ikabrue" {pierce, Int+2 Dex+1 SInv} (You found it on level 5 of the Dungeon)
  5316 | D:5      | Got a pitted trident
  5467 | D:5      | Found an ancient bone altar of Kikubaaqudgha.
  5555 | D:5      | Found a sand-covered staircase.
  5574 | Ossuary  | Entered an ossuary
  5614 | Ossuary  | Reached skill level 5 in Armour
  5972 | D:5      | Reached skill level 7 in Short Blades
  6089 | D:5      | Found a blossoming altar of Fedhas.
  6153 | D:5      | Found Cauzaiwi's Magic Scroll Shop.
  6352 | D:5      | Reached skill level 8 in Short Blades
  7019 | D:5      | Identified the +4 trident "Wuavve" {drain, Str+2 Stlth+} (You found it on level 5 of the Dungeon)
  7442 | D:6      | Got an ancient helmet
  7453 | D:6      | Identified the +2 helmet of Cuahyith {rC++} (You found it on level 6 of the Dungeon)
  7476 | D:6      | Noticed Ijyb
  7496 | D:6      | Killed Ijyb
  7669 | D:6      | Reached XP level 9. HP: 58/63 MP: 15/15
  8252 | D:7      | Reached skill level 9 in Short Blades
  8286 | D:7      | Found a staircase to the Ecumenical Temple.
  8291 | Temple   | Entered the Ecumenical Temple
  8356 | Temple   | Became a worshipper of Warmaster Okawaru
  8514 | D:7      | Found a flagged portal.
  8531 | Bailey   | Entered a bailey
  9334 | Bailey   | Reached skill level 10 in Short Blades
  9399 | Bailey   | Noticed braks' ghost (experienced OgWr)
  9630 | D:7      | Upgraded the game from 0.16-a0-3192-g4847bf6 to 0.16-a0-3202-g5da3999
  9878 | D:8      | Found a white marble altar of Elyvilon.
 10404 | D:8      | Acquired Okawaru's first power
 10643 | D:8      | Reached skill level 11 in Short Blades
 10643 | D:8      | Reached XP level 10. HP: 47/72 MP: 17/17
 11734 | D:8      | Found a staircase to the Lair.
 11975 | D:8      | Reached skill level 12 in Short Blades
 13211 | D:9      | Found a shattered altar of Ashenzari.
 13227 | D:9      | Noticed Prince Ribbit
 13254 | D:9      | Killed Prince Ribbit
 13311 | D:9      | Noticed a hill giant
 13329 | D:9      | Killed a hill giant
 13594 | D:9      | Reached skill level 13 in Short Blades
 13719 | D:9      | Reached XP level 11. HP: 80/80 MP: 18/18
 14181 | Lair:1   | Entered Level 1 of the Lair of Beasts
 14681 | Lair:1   | Found a snail-covered altar of Cheibriados.
 16157 | Lair:2   | Found a labyrinth entrance.
 16183 | Lab      | Entered a labyrinth
 16549 | Lab      | Reached skill level 14 in Short Blades
 16703 | Lab      | Reached skill level 1 in Invocations
 17064 | Lab      | Noticed a minotaur
 17087 | Lab      | Killed a minotaur
 17087 | Lab      | Received a gift from Okawaru
 17102 | Lab      | Got an ominously black robe
 17394 | Lair:1   | Identified the cursed +0 robe of the Blind Marksman {Str-3 Dex+3} (You found it in a labyrinth)
 17508 | Lair:2   | Reached skill level 10 in Fighting
 17508 | Lair:2   | Reached skill level 1 in Long Blades
 18972 | Lair:3   | Reached XP level 12. HP: 71/88 MP: 21/21
 19227 | Lair:3   | Found a burning altar of Makhleb.
 19240 | Lair:3   | Found a staircase to the Swamp.
 19241 | Lair:3   | Noticed Gastronok
 19262 | Lair:3   | Killed Gastronok
 19262 | Lair:3   | Acquired Okawaru's second power
 19262 | Lair:3   | Reached skill level 5 in Long Blades
 19678 | Lair:3   | Reached skill level 10 in Armour
 20262 | Lair:4   | Received a gift from Okawaru
 20488 | Lair:4   | Noticed Snorg
 20515 | Lair:4   | Killed Snorg
 20865 | Lair:4   | Noticed an eight-headed hydra
 20882 | Lair:4   | Killed an eight-headed hydra
 20902 | Lair:4   | Noticed an eight-headed hydra
 21481 | Lair:4   | Killed an eight-headed hydra
 21481 | Lair:4   | Reached skill level 5 in Invocations
 21979 | Lair:4   | Noticed a dire elephant
 22091 | Lair:4   | Received a gift from Okawaru
 22495 | Lair:5   | Reached XP level 13. HP: 94/96 MP: 25/25
 22699 | Lair:5   | Got an iridescent blowgun
 22723 | Lair:5   | Identified the +3 blowgun "Wabye" {speed, +Inv rF+ Str+2} (You found it on level 5 of the Lair of Beasts)
 22860 | Lair:5   | Noticed Maud
 22896 | Lair:5   | Killed Maud
 23574 | Lair:6   | Received a gift from Okawaru
 23958 | Lair:6   | Found a staircase to the Snake Pit.
 25034 | Lair:1   | Found 4 ?recharg on L6
 25427 | Lair:7   | Found an opulent altar of Gozag.
 26854 | Lair:7   | Received a gift from Okawaru
 26857 | Lair:7   | Got a slimy hunting sling {god gift}
 27194 | Lair:7   | Found a viscous altar of Jiyva.
 27194 | Lair:7   | Found a staircase to the Slime Pits.
 27424 | Lair:7   | Identified the +10 hunting sling of the Five Stars {flame, Contam rC+} (Okawaru gifted it to you on level 7 of the Lair of Beasts)
 27733 | Lair:8   | Entered Level 8 of the Lair of Beasts
 27746 | Lair:8   | Reached skill level 10 in Long Blades
 28230 | Lair:8   | Reached skill level 1 in Dodging
 28230 | Lair:8   | Reached XP level 14. HP: 97/104 MP: 29/29
 28231 | Lair:8   | Upgraded the game from 0.16-a0-3202-g5da3999 to 0.16-a0-3212-g68818ff
 29109 | Lair:8   | Received a gift from Okawaru
 30003 | Lair:8   | Received a gift from Okawaru
 32369 | Lair:8   | Reached skill level 5 in Dodging
 33429 | D:10     | Entered Level 10 of the Dungeon
 34015 | D:10     | Found Laus Abi's Armour Boutique.
 34926 | D:11     | Noticed Psyche
 34936 | D:11     | Killed Psyche
 35168 | D:11     | Found a staircase to the Orcish Mines.
 35973 | Lair:4   | Killed a dire elephant
 35973 | Lair:4   | Received a gift from Okawaru
 36319 | Orc:1    | Entered Level 1 of the Orcish Mines
 36575 | Orc:1    | Found a roughly hewn altar of Beogh.
 36613 | Orc:1    | Noticed Blork the orc
 36622 | Orc:1    | Killed Blork the orc
 36670 | Orc:1    | Noticed Grum
 36679 | Orc:1    | Killed Grum
 36992 | Orc:2    | Noticed Maurice
 37009 | Orc:1    | Killed Maurice
 37273 | Orc:3    | Reached XP level 15. HP: 93/112 MP: 29/29
 37318 | Orc:3    | Found a burning altar of Makhleb.
 37328 | Orc:3    | Noticed Donald
 37349 | Orc:3    | Killed Donald
 37349 | Orc:3    | Received a gift from Okawaru
 37359 | Orc:3    | Got a smoking short sword {god gift}
 37360 | Orc:3    | Identified the +7 short sword of Mastery {flame, rPois} (Okawaru gifted it to you on level 3 of the Orcish Mines)
 37707 | Orc:2    | Noticed Erica
 37723 | Orc:2    | Killed Erica
 37775 | Orc:2    | Found a dark tunnel.
 38292 | Orc:3    | Got a faintly humming robe
 38804 | Orc:3    | Identified the +2 robe "Neoxt" {MR+ Stlth+} (You found it on level 3 of the Orcish Mines)
 38907 | Orc:4    | Entered Level 4 of the Orcish Mines
 39258 | Orc:4    | Found a staircase to the Elven Halls.
 39527 | Orc:4    | Upgraded the game from 0.16-a0-3212-g68818ff to 0.16-a0-3218-g9b393b2
 40802 | Orc:4    | Found Liruxiz's Assorted Antiques.
 40996 | Orc:4    | Found Blougg's Antique Weapon Shop.
 40996 | Orc:4    | Found Xiygomog's Jewellery Shop.
 40997 | Orc:4    | Found Luymerch's Gadget Shoppe.
 41036 | Orc:4    | Bought a clouded crystal amulet for 140 gold pieces
 41036 | Orc:4    | Bought a copper ring for 140 gold pieces
 41050 | Orc:4    | Bought an uncursed ring of poison resistance for 280 gold pieces
 41050 | Orc:4    | Bought a +3 ring of slaying for 630 gold pieces
 41050 | Orc:4    | Bought an uncursed ring of fire for 350 gold pieces
 41058 | Orc:4    | Bought a glowing great sword for 195 gold pieces
 41265 | Lair:1   | Identified the amulet "Coveato" {Faith +Fly} (You bought it in a shop on level 4 of the Orcish Mines)
 42147 | D:13     | Reached skill level 1 in Evocations
 42177 | D:13     | Found a gate to the Vaults.
 42325 | D:13     | Received a gift from Okawaru
 42956 | D:13     | Received a gift from Okawaru
 43002 | D:13     | Shot with an arrow by a centaur warrior

Action                   |  1- 3 |  4- 6 |  7- 9 | 10-12 | 13-15 || total
-------------------------+-------+-------+-------+-------+-------++-------
Melee: Short sword       |    99 |   101 |       |       |       ||   200
       Dagger            |       |    26 |   223 |     4 |    16 ||   269
       Rapier            |       |       |   626 |  1491 |  1805 ||  3922
       Great sword       |       |       |       |       |  1092 ||  1092
 Fire: Hand crossbow     |    62 |    71 |   112 |   169 |   397 ||   811
       Blowgun           |       |       |       |     2 |       ||     2
Throw: Stone             |       |     1 |     2 |     3 |       ||     6
       Tomahawk          |       |       |    25 |    55 |       ||    80
       Throwing net      |       |       |     1 |       |       ||     1
       Javelin           |       |       |       |       |    11 ||    11
Invok: Heroism           |       |       |       |    13 |    15 ||    28
       Finesse           |       |       |       |     1 |     1 ||     2
Evoke: Wand              |       |     2 |    10 |     9 |     9 ||    30
  Use: Scroll            |     4 |     4 |    11 |    16 |     7 ||    42
       Potion            |       |     4 |       |     8 |    14 ||    26
 Stab: Confused          |       |       |       |     1 |       ||     1
       Petrified         |       |       |       |     3 |       ||     3
       Petrifying        |       |       |       |     2 |     1 ||     3
       Fleeing           |       |       |       |     1 |       ||     1
       Invisible         |       |       |       |       |     3 ||     3
  Eat: Chunk             |     2 |     5 |    25 |    30 |    61 ||   123
       Bread ration      |       |       |       |     1 |     1 ||     2
       Meat ration       |       |       |       |     1 |       ||     1
       Fruit             |       |       |       |       |     3 ||     3
